 Dungeon Sprint DCSS version 0.28-a0-1594-ga885d4b3d6 (webtiles) character file.

Game seed: 12496633929826467085

3479 jt the Envoy of Void (level 9, -2/58 HPs)
             Began as a Spriggan Abyssal Knight on Jan 21, 2022.
             Was a High Priest of Lugonu.
             Slain by a meliai (shapeshifter) (8 damage)
             ... in the Dungeon (Sprint VII: "The Pits").
             The game lasted 00:06:24 (1576 turns).

jt the Envoy of Void (Spriggan Abyssal Knight)      Turns: 1576, Time: 00:06:26

Health: -2/58      AC:  3    Str: 11    XL:     9   Next: 79%
Magic:  17/20      EV: 18    Int: 12    God:    Lugonu [*****.]
Gold:   0          SH:  0    Dex: 17    Spells: 8/8 levels left

rFire   . . .      SeeInvis +   o - +0 dagger (elec)
rCold   . . .      Faith    .   (no shield)
rNeg    . . .      Spirit   .   b - +0 robe
rPois   .          Reflect  .   (helmet restricted)
rElec   .          Harm     .   w - +0 cloak
rCorr   .          Rampage  .   (gloves unavailable)
Will    +....      NoTele   +   (boots unavailable)
Stlth   +++++.....              (no amulet)
HPRegen 0.19/turn               (no ring)
MPRegen 0.17/turn               (no ring)

@: lethally poisoned (-2 -> -30), very quick
A: very small, no large weapons, unfitting armour, see invisible, speed 3
a: Renounce Religion, Bend Space, Banish, Corrupt


You were in the Dungeon.
You worshipped Lugonu.
Lugonu was extremely pleased with you.
You visited 1 branch

Inventory:

Hand Weapons
 a - a +1 short sword
 h - a +5 hand axe of freezing
 i - a +2 dagger
 o - a +0 dagger of electrocution (weapon)
 p - a +4 scimitar
 v - a +2 rapier of draining
Missiles
 k - 10 stones (quivered)
 q - a curare-tipped dart
Armour
 b - a +0 robe (worn)
 w - a +0 cloak (worn)
Jewellery
 r - a +3 ring of dexterity
 s - a +3 ring of intelligence
Scrolls
 l - 5 scrolls of amnesia
 m - a scroll of summoning
 n - 2 scrolls of vulnerability
Potions
 c - 10 potions of curing
 d - 5 potions of heal wounds
 e - a potion of haste
 f - 3 potions of magic
 g - 2 potions of berserk rage
 j - 2 potions of invisibility
 t - a potion of might
 u - a potion of brilliance


   Skills:
 + Level 12.4 Fighting
 - Level 10.0 Short Blades
 - Level 3.2 Dodging
 - Level 10.0 Stealth
 + Level 14.2 Invocations


You had 8 spell levels left.
You didn't know any spells.
Your spell library was empty.

Dungeon Overview and Level Annotations

Branches:
Dungeon (1/1)

Altars:
Ashenzari
Cheibriados
Dithmenos
Elyvilon
Fedhas
Gozag
Hepliaklqana
Kikubaaqudgha
Makhleb
Nemelex Xobeh
Okawaru
Qazlal
Ru
Sif Muna
Trog
Uskayaw
Vehumet
Wu Jian
Xom
Yredelemnul
Zin
The Shining One
Beogh
Jiyva
Lugonu

Annotations:
D Jessica


Innate Abilities, Weirdness & Mutations

You are very small and have problems with some larger weapons.
You are too small for most types of armour.
You have supernaturally acute eyesight. (SInv)
You cover ground extremely quickly. (Speed+++)


Message History

The culicivora draws strength from your injuries!
The dream sheep ruffle their wool and motes of dream dust sparkle, to no effect.
Your Invocations skill increases to level 14!
You don't have enough magic at the moment.
Okay, then.
Okay, then.
You feel much better.
The culicivora changes into a meliai!
The dream sheep shake their wool and sparkle.
You feel drowsy...
You fall asleep.
The meliai hits you.
You wake up.
The meliai stings you.
You are poisoned.
The meliai poisons you!
Unknown command.
Unknown command.
Okay, then.
You feel much better.
You feel very sick. The meliai hits you. The meliai completely misses you.
The meliai hits you! The meliai closely misses you.
The cane toad barely misses you.
Unknown command.
Okay, then.
Space bends around you!
You blink.
Jessica the Apprentice Sorceress comes into view.
She is wielding a +2 dagger of venom.
You feel very sick.
Press: ? - help, v - describe, . - travel
Here: a cane toad The floor.
Magic courses through your body.
You feel very sick. The meliai closely misses you. The meliai stings you.
You are lethally poisoned!
The meliai poisons you!
Press: ? - help, Shift-Dir - straight line, f - cane toad
Aim: a cane toad (chance to affect: 88%)
The cane toad barely resists.
You feel extremely sick. The meliai hits you!
* * * LOW HITPOINT WARNING * * *
The meliai stings you!
You die...

.........#
##''######
##''#########
##..........#
##..........'
##..#####...#####+#
##..))..#.........
##..#...#...@....#
##.÷#...#.#####.@#
##..#####.'..W#Fy#
##...Y....#
+..##+##..
##...Y....#
#§........
###'###...#
#Y§....... ##.Y
+...#+###YY.####+#
##.. #..Y....Y...#
##.Y #..†Y..Y....+
#### #############


You could see a cane toad, a meliai shaped shifter, 4 dream sheep and Jessica
(asleep).

Vanquished Creatures
  A fire crab (D)
  A shadow (D)
  A warg (D)
  A floating eye (D)
  A water moccasin (D)
  A kobold brigand (D)
  6 wights (D)
  2 hounds (D)
  An iguana (D)
  5 gnolls (D)
  An adder (D)
  An ufetubus (D)
  A giant cockroach (D)
  2 jackals (D)
  A ball python (D)
  A ball python skeleton (D)
  3 frilled lizards (D)
  A rat (D)
31 creatures vanquished.

Notes
Turn   | Place    | Note
-------+----------+-------------------------------------------
     0 | D        | jt the Spriggan Abyssal Knight began the quest for the Orb.
     0 | D        | Reached XP level 1. HP: 11/11 MP: 3/3
    38 | D        | Found a bloodstained altar of Trog.
    38 | D        | Found a shimmering blue altar of Sif Muna.
    38 | D        | Found a viscous altar of Jiyva.
    38 | D        | Found a hazy altar of Hepliaklqana.
    38 | D        | Found an opulent altar of Gozag.
    39 | D        | Found a glowing golden altar of the Shining One.
    39 | D        | Found a glowing silver altar of Zin.
    39 | D        | Found a basalt altar of Yredelemnul.
    39 | D        | Found a shimmering altar of Xom.
    39 | D        | Found an ornate altar of the Wu Jian Council.
    39 | D        | Found a sacrificial altar of Ru.
    39 | D        | Found a stormy altar of Qazlal.
    39 | D        | Found an iron altar of Okawaru.
    39 | D        | Found a sparkling altar of Nemelex Xobeh.
    39 | D        | Found a burning altar of Makhleb.
    39 | D        | Found a blossoming altar of Fedhas.
    39 | D        | Found a white marble altar of Elyvilon.
    39 | D        | Found a shadowy altar of Dithmenos.
    39 | D        | Found a snail-covered altar of Cheibriados.
    41 | D        | Found a radiant altar of Vehumet.
    41 | D        | Found a corrupted altar of Lugonu.
    42 | D        | Found a hide-covered altar of Uskayaw.
    42 | D        | Found an ancient bone altar of Kikubaaqudgha.
    42 | D        | Found a broken altar of Ashenzari.
    58 | D        | Reached ** piety under Lugonu
    59 | D        | Reached XP level 2. HP: 16/16 MP: 4/4
    73 | D        | Reached *** piety under Lugonu
    75 | D        | Noticed a floating eye
    77 | D        | Killed a floating eye
    78 | D        | Reached skill level 5 in Short Blades
    78 | D        | Reached skill level 4 in Invocations
    78 | D        | Reached XP level 3. HP: 21/21 MP: 4/7
    78 | D        | Reached XP level 4. HP: 25/25 MP: 4/8
    98 | D        | Reached **** piety under Lugonu
   218 | D        | Reached skill level 10 in Stealth
   218 | D        | Reached XP level 5. HP: 30/30 MP: 9/9
   286 | D        | Reached skill level 5 in Fighting
   286 | D        | Reached skill level 5 in Invocations
   302 | D        | Reached ***** piety under Lugonu
   308 | D        | Reached skill level 6 in Invocations
   308 | D        | Reached XP level 6. HP: 36/36 MP: 11/11
   316 | D        | Reached skill level 7 in Invocations
   611 | D        | Reached skill level 8 in Invocations
   611 | D        | Reached XP level 7. HP: 39/42 MP: 0/14
   721 | D        | Noticed a jumping spider
   723 | D        | Banished a jumping spider
   724 | D        | Reached skill level 10 in Short Blades
   724 | D        | Reached skill level 9 in Invocations
   916 | D        | Reached XP level 8. HP: 48/48 MP: 16/16
   945 | D        | Reached skill level 10 in Invocations
  1133 | D        | Noticed a troll
  1145 | D        | Reached ****** piety under Lugonu
  1145 | D        | Banished a troll
  1158 | D        | Reached skill level 11 in Invocations
  1260 | D        | Noticed a fire crab
  1263 | D        | Killed a fire crab
  1264 | D        | Reached skill level 10 in Fighting
  1264 | D        | Reached skill level 12 in Invocations
  1264 | D        | Reached XP level 9. HP: 55/55 MP: 17/19
  1275 | D        | Noticed a sea snake
  1278 | D        | Banished a sea snake
  1279 | D        | Reached skill level 13 in Invocations
  1545 | D        | Noticed an efreet
  1548 | D        | Banished an efreet
  1554 | D        | Noticed a freezing wraith
  1566 | D        | Noticed a deep troll
  1567 | D        | Noticed a cane toad
  1570 | D        | Banished a deep troll
  1571 | D        | Reached skill level 14 in Invocations
  1571 | D        | Noticed a meliai
  1571 | D        | a culicivora changed into a meliai
  1574 | D        | Noticed Jessica
  1576 | D        | Slain by a meliai (shapeshifter)

Illustrated notes

Levels and vault maps discovered:
D:        pitsprint [storerooms_1, entrance_room_1, metal_vault_8, armoury_2,
          mini_pit_1, grid_room_1, main_hall_1, silver_pit, the_coven_2,
          the_vestibule_1, steel_vault_1, golden_pit, hallway_of_sentries,
          crystal_vault_1, iron_vault_4, final_vault]

Skill      XL: |  1  2  3  4  5  6  7  8  9 |
---------------+----------------------------+-----
Stealth        | 6 9 10 | 10.0
Fighting       | 4 5 7 8 10 12 | 12.4
Short Blades   | 5 7 9 10 | 10.0
Invocations    | 4 6 8 9 12 14 | 14.2
Dodging        | |  3.2

Action                   |  1- 3 |  4- 6 |  7- 9 || total
-------------------------+-------+-------+-------++-------
Melee: Dagger            |     9 |    54 |    60 ||   123
       Short sword       |     1 |       |       ||     1
       Punch             |       |     2 |       ||     2
Invok: Banish            |       |     5 |    14 ||    19
       Bend Space        |       |       |     2 ||     2
  Use: Potion            |       |     5 |     3 ||     8
       Scroll            |       |     1 |       ||     1
 Stab: Sleeping          |     5 |     3 |     6 ||    14
Armor: Robe              |       |     1 |       ||     1
Dodge: Dodged            |     8 |    28 |    35 ||    71

Table legend: (Time is in decaauts)
 A = Elapsed time spent in this place.
 B = Non-inter-level travel time spent in this place.
 C = Inter-level travel time spent in this place.
 D = Time resting spent in this place.
 E = Time spent auto-exploring this place.
 F = Levels seen in this place.
 G = Mean time per level.
                   A        B        C        D        E       F      G
               +--------+--------+--------+--------+--------+-----+--------+
         Total |   1371 |   1343 |     28 |    919 |      0 |   1 | 1371.0 |
       Dungeon |   1371 |   1343 |     28 |    919 |      0 |   1 | 1371.0 |
               +--------+--------+--------+--------+--------+-----+--------+

Top non-repeatable levels by time:
       D: 1371 daAuts
